 Dungeon Crawl Stone Soup version 0.29.1-12-g30fa7ad0bf (webtiles) character file.

Game seed: 5361568279578679756

189 FexLirch the Cleaver (level 5, -4/45 HPs)
             Began as a Hill Orc Cinder Acolyte on Dec 28, 2022.
             Was a High Priest of Ignis.
             Blown up by Ijyb (17 damage)
             ... with a mindburst bolt
             ... on level 4 of the Dungeon.
             The game lasted 00:08:28 (3232 turns).

FexLirch the Cleaver (Hill Orc Cinder Acolyte)      Turns: 3232, Time: 00:08:29

Health: -4/45      AC:  3    Str: 19      XL:     5   Next: 68%
Magic:  0/6        EV: 11    Int: 14      God:    Ignis [*****.]
Gold:   45         SH:  5    Dex:  4 (6)  Spells: 4/6 levels left

rFire   + + .      SeeInvis .   a - -1 hand axe (flame)
rCold   . . .      Faith    .   (no shield)
rNeg    . . .      Spirit   .   w - +0 leather armour
rPois   .          Reflect  +   (no helmet)
rElec   .          Harm     .   v - scarf {+Inv}
rCorr   .          Rampage  .   (no gloves)
Will    .....                   (no boots)
Stlth   +.........              n - amulet of reflection
HPRegen 0.15/turn               s - ring of protection from fire
MPRegen 0.10/turn               (no ring)

@: no status effects
A: no striking features
a: Renounce Religion, Evoke Invisibility, Fiery Armour, Foxfire Swarm, Rising
Flame


You were on level 4 of the Dungeon.
You worshipped Ignis.
Ignis was extremely pleased with you.
You visited 1 branch of the dungeon, and saw 4 of its levels.

You collected 162 gold pieces.
You spent 117 gold pieces at shops.

Inventory:

Hand Weapons
 a - a -1 hand axe of flaming (weapon)
Missiles
 j - 12 boomerangs (quivered)
Armour
 v - a scarf of invisibility (worn)
 w - a +0 leather armour (worn)
Magical Staves
 h - a staff of air
Jewellery
 n - an amulet of reflection (around neck)
 s - a ring of protection from fire (left hand)
Wands
 y - a wand of digging (3)
Scrolls
 c - a scroll of noise {unknown}
 d - 2 scrolls of identify
 f - a scroll of magic mapping {unknown}
 k - a scroll of immolation {unknown}
 l - a scroll of enchant weapon {unknown}
 o - a scroll of vulnerability
 r - 3 scrolls of enchant armour
 t - a scroll of blinking {unknown}
 u - 2 scrolls of teleportation
Potions
 e - a potion of heal wounds {unknown}
 g - a potion of brilliance {unknown}
 i - a potion of haste
 m - a potion of cancellation {unknown}
 p - a potion of lignification {unknown}
 q - a potion of magic {unknown}
 x - a potion of curing {unknown}
 z - a potion of might


   Skills:
 - Level 3.6 Fighting
 + Level 8.2 Axes
 - Level 1.0 Spellcasting
 - Level 3.2 Fire Magic


You had 4 spell levels left.
You knew the following spells:

 Your Spells              Type           Power      Damage    Failure   Level
a - Scorch                Fire           18%        2d6       12%         2

Your spell library contained the following spells:

 Spells                   Type           Power      Damage    Failure   Level
 Ensorcelled Hibernation  Hex/Ice        0%         N/A       43%         2
 Passwall                 Tmut/Erth      0%         N/A       43%         2
 Inner Flame              Hex/Fire       5%         N/A       43%         3
 Swiftness                Air            0%         N/A       67%         3
 Cause Fear               Hex            0%         N/A       97%         4
 Iskenderun's Battlesphe  Conj           0%         2d6       100%        5
 Iron Shot                Conj/Erth      0%         9d1       100%        6
 Spellforged Servitor     Conj/Summ      0%         N/A       100%        7
 Discord                  Hex            0%         N/A       100%        8


Dungeon Overview and Level Annotations

Branches:
Dungeon (4/15)
 Temple: D:4-7

Altars:
Yredelemnul

Shops:
D:3 *

Annotations:
D:2 1 runed translucent door, Crazy Yiuf
D:4 Eustachio, Ijyb


Message History

Eustachio blinks!
The quasit attacks as you move away! You block the quasit's attack.
The quasit misses you. You block the quasit's attack.
The quasit attacks as you move away!
The quasit bites you but does no damage.
The quasit claws you but does no damage.
The quasit barely misses you. You block the quasit's attack.
The quasit claws you but does no damage. x2
The quasit disappears in a puff of smoke!
There is a stone staircase leading up here.
You climb upwards.
There is a stone staircase leading down here.
You start resting.
Magic restored.
There is a stone staircase leading down here.
You climb downwards.
Level annotation: Eustachio Ijyb shouts!
Found an escape hatch in the floor.
There is a stone staircase leading up here.
Casting: Scorch (safe; 12% risk of failure)
Confirm with . or Enter, or press ? or * to list all spells.
Flames lash Ijyb.
Ijyb is lightly wounded.
Ijyb's fire resistance burns away.
Ijyb zaps a wand.
Your mind is blasted!
Casting: Scorch (safe; 12% risk of failure)
Confirm with . or Enter, or press ? or * to list all spells.
Flames lash Ijyb.
Ijyb is burned terribly!
Ijyb is moderately wounded.
Ijyb barely misses you.
Casting: Scorch (safe; 12% risk of failure)
Confirm with . or Enter, or press ? or * to list all spells.
Flames lash Ijyb.
Ijyb is burned terribly!
Ijyb is almost dead.
Ijyb zaps a wand.
Your mind is blasted!
* * * LOW HITPOINT WARNING * * *
You hit Ijyb but do no damage.
Ijyb is almost dead.
Ijyb zaps a wand.
Your mind is blasted!
You die... # #...#######.# .......@g...# #..>#######...# # #

You could see Ijyb (combustible).

Vanquished Creatures
  An iguana (D:4)
  4 gnolls
  5 adders
  2 orcs (D:3)
  7 ball pythons
  8 bats
  6 endoplasms
  2 giant cockroaches
  6 goblins
  8 hobgoblins
  4 jackals (D:2)
  9 kobolds
  2 quokkas
  2 frilled lizards
  7 rats
73 creatures vanquished.

Notes
Turn   | Place    | Note
-------+----------+-------------------------------------------
     0 | D:1      | FexLirch the Hill Orc Cinder Acolyte began the quest for
                  | the Orb.
     0 | D:1      | Reached XP level 1. HP: 19/19 MP: 2/2
   285 | D:1      | Reached XP level 2. HP: 26/26 MP: 3/3
   434 | D:1      | Reached skill level 5 in Axes
   497 | D:1      | Learned a level 2 spell: Scorch
   854 | D:1      | Reached XP level 3. HP: 16/31 MP: 2/4
  1514 | D:2      | Found a runed translucent door.
  1515 | D:2      | Noticed Crazy Yiuf
  1551 | D:2      | Found a basalt altar of Yredelemnul.
  1689 | D:2      | Reached skill level 6 in Axes
  1863 | D:2      | Reached XP level 4. HP: 39/39 MP: 5/5
  2305 | D:3      | Reached skill level 7 in Axes
  2643 | D:3      | Reached XP level 5. HP: 45/45 MP: 0/6
  3075 | D:3      | Found Tuevvih's General Store.
  3083 | D:3      | Bought a scroll of identify for 26 gold pieces
  3083 | D:3      | Bought a scroll of teleportation for 39 gold pieces
  3083 | D:3      | Bought a potion of might for 52 gold pieces
  3143 | D:4      | Reached skill level 8 in Axes
  3157 | D:4      | Noticed Eustachio
  3228 | D:4      | Noticed Ijyb
  3232 | D:4      | Blown up by Ijyb

Illustrated notes

Levels and vault maps discovered:
D:1:      dpeg_arrival_prison, layout_rooms, grunt_decor_clamped,
          serial_park_tiny_2, chequers_avenue
D:2:      minmay_door_path, layout_rooms, basic_altar, uniq_crazy_yiuf_cottage
D:3:      layout_rooms, serial_shops, shop, chequers_mini_garden
D:4:      layout_loops_ring, mainiacjoe_overflow_six_doors_small,
          lemuel_crystal_altar, uniq_edmund, uniq_robin, uniq_menkaure,
          uniq_ijyb, uniq_eustachio

Skill      XL: |  1  2  3  4  5 |
---------------+----------------+-----
Axes           | 5 6 7 8 |  8.2
Fighting       | |  3.6
Spellcasting   | |  1.0
Fire Magic     | |  3.2

Action                   |  1- 3 |  4- 6 || total
-------------------------+-------+-------++-------
Melee: Hand axe          |    99 |    67 ||   166
Throw: Boomerang         |       |     5 ||     5
 Cast: Scorch            |     6 |    26 ||    32
  Use: Scroll            |       |     3 ||     3
Armor: Robe              |    23 |     5 ||    28
       Leather armour    |       |    16 ||    16
Dodge: Dodged            |    53 |    57 ||   110
Block: Other             |     5 |    32 ||    37
